[ AOE2 MATCH · #474294295 ]
UnrankedWu vs Berbers
[ REPLAY ANALYSIS · EXTRACTED FROM THE RECORDED GAME ]
Feudal
8:01
Castle
11:32
Imperial
26:43
| APM avg | 20.9 |
| APM peak | 42 |
| eAPM avg | 15.9 |
| Villagers / military | 122 / 0 |
Focus
⚔️ 15.3% · 🌾 84.7%
Unknown (1944) ×95
Feudal
8:01
Castle
11:44
Imperial
25:11
| APM avg | 27.7 |
| APM peak | 47 |
| eAPM avg | 20.4 |
| Villagers / military | 138 / 182 |
Focus
⚔️ 29.3% · 🌾 70.7%
Militia ×181 · Trebuchet (Packed) ×1
Feudal
7:12
Castle
10:42
Imperial
24:31
| APM avg | 48.9 |
| APM peak | 119 |
| eAPM avg | 30.2 |
| Villagers / military | 133 / 65 |
Focus
⚔️ 41.2% · 🌾 58.8%
Camel Archer ×53 · Scout Cavalry ×9 · Trebuchet (Packed) ×2 · Monk ×1
Feudal
7:36
Castle
11:20
Imperial
25:07
| APM avg | 57.7 |
| APM peak | 140 |
| eAPM avg | 21.7 |
| Villagers / military | 137 / 41 |
Focus
⚔️ 26.2% · 🌾 73.8%
Rattan Archer ×32 · Cavalry Archer ×7 · Bombard Cannon ×2
Feudal
7:15
Castle
11:15
Imperial
22:27
| APM avg | 40.5 |
| APM peak | 82 |
| eAPM avg | 23.5 |
| Villagers / military | 131 / 59 |
Focus
⚔️ 22.1% · 🌾 77.9%
Hand Cannoneer ×50 · Bombard Cannon ×5 · Trebuchet (Packed) ×4
Feudal
7:45
Castle
11:39
Imperial
27:32
| APM avg | 32.1 |
| APM peak | 116 |
| eAPM avg | 18.6 |
| Villagers / military | 156 / 54 |
Focus
⚔️ 23.5% · 🌾 76.5%
Knight ×30 · Monaspa ×20 · Monk ×4
Feudal
7:11
Castle
10:41
Imperial
25:10
| APM avg | 40.3 |
| APM peak | 78 |
| eAPM avg | 33.4 |
| Villagers / military | 162 / 205 |
Focus
⚔️ 28.9% · 🌾 71.1%
Spearman ×169 · Battering Ram ×31 · Scorpion ×5
Feudal
—
Castle
—
Imperial
—
| APM avg | 32.7 |
| APM peak | 52 |
| eAPM avg | 26.0 |
| Villagers / military | 182 / 5 |
Focus
⚔️ 22.1% · 🌾 77.9%
Unknown (2550) ×43 · Kamayuk ×5
Match map
Initial resources + every placement click. Lines = walls · curves = elevation contours. ◆ gold · ⬟ stone · ● berries · ✦ relic · ◌ wall gap
Inputs per minute
— 口古口古嘎嘎 - - ‘MztK | FeNiX' = waste
Build order — 口古口古嘎嘎
First 150 of 292 actions detected
| 0:00 | Create | Villager (Male) |
| 0:01 | Create | Villager (Male) |
| 0:01 | Create | Villager (Male) |
| 0:10 | Build | Lumber Camp |
| 0:16 | Create | Villager (Male) |
| 0:36 | Build | Mill |
| 1:11 | Create | Villager (Male) |
| 1:54 | Create | Villager (Male) |
| 1:58 | Create | Villager (Male) |
| 2:15 | Create | Villager (Male) |
| 3:09 | Create | Villager (Male) |
| 3:12 | Create | Villager (Male) |
| 3:13 | Create | Villager (Male) |
| 3:13 | Create | Villager (Male) |
| 3:43 | Create | Villager (Male) |
| 3:45 | Create | Villager (Male) |
| 4:22 | Build | Farm |
| 4:27 | Build | Farm |
| 5:15 | Build | Farm |
| 5:23 | Build | Farm |
| 5:33 | Build | Mining Camp |
| 5:40 | Research | Feudal Age |
| 6:42 | Create | Villager (Male) |
| 6:42 | Create | Villager (Male) |
| 8:01 | Age | Feudal Age |
| 8:03 | Build | Market |
| 8:07 | Build | Blacksmith |
| 8:14 | Research | Double-Bit Axe |
| 8:52 | Research | Castle Age |
| 9:12 | Build | Lumber Camp |
| 9:53 | Create | Villager (Male) |
| 9:57 | Research | Horse Collar |
| 11:32 | Age | Castle Age |
| 11:38 | Build | Town Center |
| 11:45 | Build | Town Center |
| 11:52 | Create | Villager (Male) |
| 11:55 | Research | Bow Saw |
| 12:09 | Create | Villager (Male) |
| 12:18 | Build | Farm |
| 12:39 | Create | Villager (Male) |
| 12:52 | Build | Farm |
| 12:55 | Create | Villager (Male) |
| 13:07 | Create | Villager (Male) |
| 13:07 | Create | Villager (Male) |
| 13:12 | Build | House |
| 13:15 | Create | Villager (Male) |
| 13:21 | Build | House |
| 13:26 | Create | Villager (Male) |
| 13:26 | Create | Villager (Male) |
| 13:26 | Create | Villager (Male) |
| 13:44 | Build | Farm |
| 13:45 | Build | Farm |
| 13:48 | Build | Farm |
| 13:49 | Build | Farm |
| 13:55 | Create | Villager (Male) |
| 14:04 | Build | Farm |
| 14:05 | Build | Farm |
| 14:07 | Build | Farm |
| 14:09 | Create | Villager (Male) |
| 14:16 | Create | Villager (Male) |
| 14:16 | Create | Villager (Male) |
| 14:24 | Build | Farm |
| 14:26 | Build | Farm |
| 14:32 | Build | Farm |
| 14:32 | Create | Villager (Male) |
| 14:38 | Build | Farm |
| 14:42 | Build | Farm |
| 14:49 | Create | Villager (Male) |
| 14:54 | Build | Farm |
| 14:56 | Build | Farm |
| 14:57 | Build | Farm |
| 15:01 | Build | Farm |
| 15:09 | Build | Farm |
| 15:11 | Create | Villager (Male) |
| 15:25 | Build | Farm |
| 15:27 | Build | Farm |
| 15:29 | Create | Villager (Male) |
| 15:29 | Create | Villager (Male) |
| 15:41 | Create | Villager (Male) |
| 15:44 | Build | Farm |
| 15:46 | Create | Villager (Male) |
| 15:53 | Create | Villager (Male) |
| 16:09 | Create | Villager (Male) |
| 16:09 | Create | Villager (Male) |
| 16:11 | Create | Villager (Male) |
| 16:22 | Build | Town Center |
| 16:25 | Create | Villager (Male) |
| 16:26 | Create | Villager (Male) |
| 16:34 | Build | Farm |
| 16:37 | Build | Farm |
| 16:49 | Research | Wheelbarrow |
| 16:54 | Create | Villager (Male) |
| 16:54 | Create | Villager (Male) |
| 16:54 | Create | Villager (Male) |
| 17:07 | Build | Stable |
| 17:13 | Create | Villager (Male) |
| 17:13 | Create | Villager (Male) |
| 17:13 | Create | Villager (Male) |
| 17:23 | Create | Villager (Male) |
| 17:27 | Build | Farm |
| 17:31 | Create | Villager (Male) |
| 17:31 | Create | Villager (Male) |
| 17:45 | Build | Farm |
| 17:46 | Build | Farm |
| 17:48 | Build | Farm |
| 17:49 | Build | Farm |
| 17:53 | Create | Villager (Male) |
| 17:53 | Create | Villager (Male) |
| 17:54 | Create | Villager (Male) |
| 17:54 | Create | Villager (Male) |
| 18:02 | Create | Villager (Male) |
| 18:08 | Create | Villager (Male) |
| 18:20 | Research | Gold Mining |
| 18:22 | Create | Villager (Male) |
| 18:28 | Build | Stable |
| 18:35 | Create | Villager (Male) |
| 18:35 | Create | Villager (Male) |
| 18:42 | Build | Mill |
| 18:43 | Build | Farm |
| 18:43 | Build | Farm |
| 18:43 | Build | Farm |
| 18:44 | Build | Farm |
| 18:49 | Create | Villager (Male) |
| 18:50 | Create | Villager (Male) |
| 19:07 | Build | Town Center |
| 19:09 | Create | Villager (Male) |
| 19:10 | Create | Villager (Male) |
| 19:10 | Create | Villager (Male) |
| 19:20 | Build | House |
| 19:22 | Build | House |
| 19:23 | Build | House |
| 19:24 | Build | House |
| 19:33 | Research | Hand Cart |
| 19:34 | Create | Villager (Male) |
| 19:34 | Create | Villager (Male) |
| 19:38 | Build | Farm |
| 19:45 | Create | Villager (Male) |
| 19:46 | Create | Villager (Male) |
| 19:49 | Build | Farm |
| 19:58 | Build | Stable |
| 20:12 | Research | Loom |
| 20:13 | Research | Town Watch |
| 20:17 | Build | Farm |
| 20:30 | Build | Mining Camp |
| 20:33 | Create | Villager (Male) |
| 20:33 | Create | Villager (Male) |
| 20:33 | Create | Villager (Male) |
| 20:34 | Create | Villager (Male) |
| 20:39 | Build | Stable |
| 20:44 | Create | Villager (Male) |
Build order — ‘MztK | FeNiX' = waste
First 150 of 387 actions detected
| 0:01 | Create | Villager (Male) |
| 0:01 | Create | Villager (Male) |
| 0:01 | Create | Villager (Male) |
| 0:05 | Build | Mill |
| 0:16 | Build | Lumber Camp |
| 0:20 | Create | Villager (Male) |
| 1:07 | Create | Villager (Male) |
| 1:08 | Create | Villager (Male) |
| 1:42 | Create | Villager (Male) |
| 2:27 | Create | Villager (Male) |
| 2:27 | Create | Villager (Male) |
| 2:53 | Create | Villager (Male) |
| 3:10 | Create | Villager (Male) |
| 3:11 | Create | Villager (Male) |
| 3:11 | Create | Villager (Male) |
| 3:43 | Create | Villager (Male) |
| 3:43 | Create | Villager (Male) |
| 3:44 | Create | Villager (Male) |
| 3:44 | Create | Villager (Male) |
| 3:44 | Create | Villager (Male) |
| 5:22 | Research | Feudal Age |
| 5:39 | Build | Lumber Camp |
| 5:57 | Build | Farm |
| 7:56 | Create | Villager (Male) |
| 7:57 | Create | Villager (Male) |
| 8:01 | Age | Feudal Age |
| 8:03 | Build | Market |
| 8:05 | Build | Blacksmith |
| 8:29 | Build | Farm |
| 8:57 | Build | Farm |
| 9:04 | Research | Castle Age |
| 9:22 | Research | Horse Collar |
| 9:29 | Build | Farm |
| 9:30 | Build | Farm |
| 10:02 | Research | Double-Bit Axe |
| 11:17 | Research | Wheelbarrow |
| 11:44 | Age | Castle Age |
| 11:45 | Research | Bow Saw |
| 11:45 | Research | Bow Saw |
| 11:49 | Build | Town Center |
| 11:54 | Build | Town Center |
| 12:10 | Create | Villager (Male) |
| 13:16 | Create | Villager (Male) |
| 13:16 | Create | Villager (Male) |
| 13:23 | Build | Farm |
| 13:25 | Build | Farm |
| 13:26 | Create | Villager (Male) |
| 13:38 | Create | Villager (Male) |
| 13:38 | Create | Villager (Male) |
| 13:48 | Build | Farm |
| 13:52 | Build | Farm |
| 13:52 | Create | Villager (Male) |
| 13:55 | Build | Farm |
| 14:04 | Create | Villager (Male) |
| 14:04 | Create | Villager (Male) |
| 14:05 | Create | Villager (Male) |
| 14:10 | Build | Farm |
| 14:15 | Create | Villager (Male) |
| 14:24 | Build | Farm |
| 14:31 | Create | Villager (Male) |
| 14:31 | Create | Villager (Male) |
| 14:31 | Create | Villager (Male) |
| 14:31 | Create | Villager (Male) |
| 14:32 | Create | Villager (Male) |
| 15:09 | Create | Villager (Male) |
| 15:21 | Create | Villager (Male) |
| 15:25 | Build | Town Center |
| 15:27 | Create | Villager (Male) |
| 15:32 | Create | Villager (Male) |
| 15:32 | Create | Villager (Male) |
| 15:33 | Create | Villager (Male) |
| 15:34 | Create | Villager (Male) |
| 15:38 | Build | Farm |
| 15:38 | Build | Farm |
| 15:39 | Build | Farm |
| 16:00 | Build | House |
| 16:01 | Build | House |
| 16:09 | Create | Villager (Male) |
| 16:19 | Create | Villager (Male) |
| 16:21 | Create | Villager (Male) |
| 16:25 | Create | Villager (Male) |
| 16:30 | Build | House |
| 16:31 | Build | House |
| 16:32 | Build | House |
| 16:33 | Build | House |
| 16:34 | Build | House |
| 16:35 | Build | House |
| 16:36 | Create | Villager (Male) |
| 16:37 | Create | Villager (Male) |
| 16:37 | Create | Villager (Male) |
| 16:51 | Create | Villager (Male) |
| 17:05 | Create | Villager (Male) |
| 17:11 | Build | Town Center |
| 17:12 | Create | Villager (Male) |
| 17:14 | Create | Villager (Male) |
| 17:16 | Build | Farm |
| 17:18 | Create | Villager (Male) ×3 |
| 17:18 | Create | Villager (Male) ×3 |
| 17:21 | Build | Farm |
| 17:21 | Build | Farm |
| 17:26 | Build | Farm |
| 17:29 | Build | Mining Camp |
| 17:35 | Create | Villager (Male) |
| 17:36 | Create | Villager (Male) |
| 17:36 | Create | Villager (Male) |
| 17:36 | Create | Villager (Male) |
| 17:43 | Build | Farm |
| 17:45 | Build | Farm |
| 17:46 | Create | Villager (Male) |
| 17:46 | Create | Villager (Male) |
| 17:47 | Create | Villager (Male) |
| 17:47 | Create | Villager (Male) |
| 17:53 | Create | Villager (Male) |
| 18:00 | Build | Farm |
| 18:02 | Create | Villager (Male) |
| 18:02 | Create | Villager (Male) |
| 18:04 | Create | Villager (Male) |
| 18:08 | Build | Farm |
| 18:12 | Create | Villager (Male) |
| 18:12 | Create | Villager (Male) |
| 18:20 | Create | Villager (Male) |
| 18:24 | Build | Farm |
| 18:28 | Build | Farm |
| 18:29 | Create | Villager (Male) |
| 18:35 | Build | Farm |
| 18:35 | Build | Farm |
| 18:35 | Build | Farm |
| 18:36 | Build | Farm |
| 18:36 | Build | Farm |
| 18:37 | Build | Farm |
| 18:40 | Create | Villager (Male) |
| 18:40 | Create | Villager (Male) |
| 18:42 | Create | Villager (Male) |
| 18:43 | Create | Villager (Male) |
| 18:46 | Build | Farm |
| 18:47 | Create | Villager (Male) |
| 18:47 | Create | Villager (Male) |
| 18:52 | Build | Farm |
| 18:56 | Research | Loom |
| 18:56 | Create | Villager (Male) |
| 18:57 | Create | Villager (Male) |
| 18:58 | Create | Villager (Male) |
| 19:10 | Create | Villager (Male) |
| 19:13 | Build | Farm |
| 19:14 | Create | Villager (Male) |
| 19:21 | Build | House |
| 19:22 | Build | House |
| 19:23 | Build | House |
| 19:27 | Build | Building 487 |
| 19:30 | Build | House |
Build order — Zionic
First 150 of 353 actions detected
| 0:01 | Create | Villager (Male) |
| 0:05 | Build | Mill |
| 0:21 | Build | Lumber Camp |
| 0:22 | Create | Villager (Male) |
| 0:22 | Create | Villager (Male) |
| 0:23 | Create | Villager (Male) |
| 0:49 | Create | Villager (Male) |
| 0:49 | Create | Villager (Male) |
| 1:28 | Create | Villager (Male) |
| 1:28 | Create | Villager (Male) |
| 2:30 | Create | Villager (Male) |
| 2:51 | Create | Villager (Male) |
| 3:22 | Create | Villager (Male) |
| 3:24 | Create | Villager (Male) |
| 4:00 | Build | Farm |
| 4:03 | Build | Farm |
| 4:12 | Create | Villager (Male) |
| 4:21 | Create | Villager (Male) |
| 4:21 | Research | Feudal Age |
| 5:04 | Build | Mining Camp |
| 7:08 | Create | Villager (Male) |
| 7:08 | Create | Villager (Male) |
| 7:12 | Age | Feudal Age |
| 7:13 | Build | Stable |
| 7:14 | Build | Blacksmith |
| 8:01 | Research | Castle Age |
| 8:01 | Research | Castle Age |
| 8:07 | Build | Lumber Camp |
| 8:40 | Research | Double-Bit Axe |
| 9:17 | Research | Horse Collar |
| 10:33 | Create | Villager (Male) |
| 10:42 | Age | Castle Age |
| 10:44 | Build | Town Center |
| 10:58 | Create | Villager (Male) |
| 11:11 | Build | Town Center |
| 11:15 | Create | Villager (Male) |
| 11:41 | Build | Farm |
| 11:51 | Build | Farm |
| 11:52 | Create | Villager (Male) |
| 12:05 | Build | Farm |
| 12:17 | Build | Farm |
| 12:18 | Create | Villager (Male) |
| 12:21 | Create | Villager (Male) |
| 12:26 | Build | Farm |
| 12:28 | Create | Villager (Male) |
| 12:31 | Build | Farm |
| 12:41 | Create | Villager (Male) |
| 12:43 | Create | Villager (Male) |
| 12:46 | Build | Farm |
| 12:46 | Create | Villager (Male) |
| 12:49 | Build | Farm |
| 12:50 | Build | Farm |
| 13:02 | Build | Farm |
| 13:07 | Create | Villager (Male) |
| 13:11 | Build | Farm |
| 13:13 | Create | Villager (Male) |
| 13:19 | Build | Farm |
| 13:21 | Create | Villager (Male) |
| 13:22 | Create | Villager (Male) |
| 13:31 | Build | Farm |
| 13:34 | Build | Farm |
| 13:35 | Create | Villager (Male) |
| 13:40 | Create | Villager (Male) |
| 13:43 | Create | Villager (Male) |
| 13:46 | Build | Farm |
| 13:53 | Create | Villager (Male) |
| 13:59 | Build | Farm |
| 14:04 | Create | Villager (Male) |
| 14:08 | Build | Farm |
| 14:11 | Build | Farm |
| 14:14 | Build | Farm |
| 14:16 | Build | Farm |
| 14:19 | Create | Villager (Male) |
| 14:19 | Create | Villager (Male) |
| 14:23 | Create | Villager (Male) |
| 14:23 | Create | Villager (Male) |
| 14:27 | Build | Farm |
| 14:32 | Build | Farm |
| 14:36 | Build | Farm |
| 14:41 | Create | Villager (Male) |
| 14:41 | Create | Villager (Male) |
| 14:44 | Build | Farm |
| 14:49 | Create | Villager (Male) |
| 14:54 | Create | Villager (Male) |
| 15:16 | Build | Mill |
| 15:17 | Build | Farm |
| 15:18 | Create | Villager (Male) |
| 15:19 | Create | Villager (Male) |
| 15:20 | Build | Farm |
| 15:21 | Create | Villager (Male) |
| 15:23 | Build | Farm |
| 15:30 | Build | House |
| 15:32 | Build | House |
| 15:34 | Build | House |
| 15:34 | Create | Villager (Male) |
| 15:40 | Build | Farm |
| 15:43 | Build | Farm |
| 15:43 | Create | Villager (Male) |
| 15:44 | Create | Villager (Male) |
| 15:45 | Create | Villager (Male) |
| 15:51 | Build | Farm |
| 15:52 | Create | Villager (Male) |
| 15:52 | Create | Villager (Male) |
| 15:56 | Build | House |
| 15:56 | Build | House |
| 16:00 | Create | Villager (Male) |
| 16:01 | Create | Villager (Male) |
| 16:17 | Build | Monastery |
| 16:18 | Create | Villager (Male) |
| 16:18 | Create | Villager (Male) |
| 16:22 | Build | Farm |
| 16:28 | Build | Farm |
| 16:29 | Create | Villager (Male) |
| 16:44 | Research | Heavy Plow |
| 16:45 | Create | Villager (Male) |
| 16:50 | Create | Villager (Male) |
| 16:50 | Create | Villager (Male) |
| 16:59 | Build | Mill |
| 17:00 | Create | Villager (Male) |
| 17:06 | Create | Monk |
| 17:07 | Create | Villager (Male) |
| 17:16 | Build | Mill |
| 17:17 | Build | Farm |
| 17:19 | Build | Farm |
| 17:22 | Build | Farm |
| 17:25 | Build | Farm |
| 17:25 | Create | Villager (Male) |
| 17:25 | Create | Villager (Male) |
| 17:27 | Research | Bow Saw |
| 17:27 | Research | Bow Saw |
| 17:32 | Build | Farm |
| 17:35 | Build | House |
| 17:44 | Create | Villager (Male) |
| 17:44 | Create | Villager (Male) |
| 17:44 | Create | Villager (Male) |
| 17:49 | Build | Farm |
| 17:54 | Build | Lumber Camp |
| 17:59 | Create | Villager (Male) |
| 18:08 | Create | Villager (Male) |
| 18:15 | Create | Villager (Male) |
| 18:20 | Build | Mining Camp |
| 18:24 | Build | Farm |
| 18:25 | Create | Villager (Male) |
| 18:27 | Build | Lumber Camp |
| 18:31 | Research | Wheelbarrow |
| 18:35 | Research | Town Watch |
| 18:37 | Build | Farm |
| 18:39 | Create | Villager (Male) |
| 18:39 | Create | Villager (Male) |
| 18:42 | Create | Villager (Male) |
Build order — 超绝可爱天使酱
First 150 of 302 actions detected
| 0:01 | Create | Villager (Male) |
| 0:05 | Build | Mill |
| 0:09 | Create | Villager (Male) |
| 0:09 | Create | Villager (Male) |
| 0:14 | Create | Villager (Male) |
| 0:21 | Build | Lumber Camp |
| 0:50 | Create | Villager (Male) |
| 0:50 | Create | Villager (Male) |
| 1:13 | Create | Villager (Male) |
| 1:14 | Create | Villager (Male) |
| 1:28 | Create | Villager (Male) |
| 1:48 | Create | Villager (Male) |
| 1:48 | Create | Villager (Male) |
| 2:02 | Create | Villager (Male) |
| 2:32 | Create | Villager (Male) |
| 2:33 | Create | Villager (Male) |
| 2:34 | Create | Villager (Male) |
| 3:01 | Create | Villager (Male) |
| 3:14 | Create | Villager (Male) |
| 3:15 | Create | Villager (Male) |
| 3:36 | Create | Villager (Male) |
| 3:54 | Create | Villager (Male) |
| 4:14 | Build | Lumber Camp |
| 4:56 | Build | Farm |
| 5:13 | Research | Feudal Age |
| 5:29 | Create | Villager (Male) |
| 5:31 | Build | Mining Camp |
| 7:36 | Age | Feudal Age |
| 7:38 | Build | Market |
| 7:40 | Build | Blacksmith |
| 7:41 | Research | Double-Bit Axe |
| 7:51 | Create | Villager (Male) |
| 8:40 | Research | Castle Age |
| 9:01 | Research | Horse Collar |
| 9:39 | Create | Villager (Male) |
| 10:20 | Build | Farm |
| 10:36 | Build | Farm |
| 10:41 | Build | Farm |
| 11:20 | Age | Castle Age |
| 11:23 | Build | Town Center |
| 11:27 | Research | Bow Saw |
| 11:31 | Build | Town Center |
| 11:38 | Create | Villager (Male) |
| 11:42 | Research | Heavy Plow |
| 11:47 | Build | Farm |
| 11:59 | Build | Farm |
| 12:00 | Build | Farm |
| 12:02 | Create | Villager (Male) |
| 12:12 | Create | Villager (Male) |
| 12:16 | Build | Farm |
| 12:31 | Build | Farm |
| 12:33 | Build | Farm |
| 12:37 | Build | Farm |
| 12:40 | Create | Villager (Male) |
| 12:42 | Build | Farm |
| 12:55 | Create | Villager (Male) |
| 13:04 | Create | Villager (Male) |
| 13:10 | Build | Farm |
| 13:14 | Create | Villager (Male) |
| 13:18 | Create | Villager (Male) |
| 13:19 | Create | Villager (Male) |
| 13:22 | Build | Farm |
| 13:23 | Create | Villager (Male) |
| 13:28 | Build | Farm |
| 13:36 | Build | Farm |
| 13:40 | Create | Villager (Male) |
| 13:43 | Build | Farm |
| 13:46 | Create | Villager (Male) |
| 13:53 | Build | Farm |
| 14:02 | Create | Villager (Male) |
| 14:06 | Create | Villager (Male) |
| 14:15 | Create | Villager (Male) |
| 14:27 | Create | Villager (Male) |
| 14:31 | Create | Villager (Male) |
| 14:44 | Create | Villager (Male) |
| 14:44 | Create | Villager (Male) |
| 14:47 | Build | Farm |
| 15:01 | Create | Villager (Male) |
| 15:05 | Create | Villager (Male) |
| 15:07 | Create | Villager (Male) |
| 15:09 | Build | Farm |
| 15:21 | Create | Villager (Male) |
| 15:28 | Build | Town Center |
| 15:45 | Create | Villager (Male) |
| 15:47 | Create | Villager (Male) |
| 15:48 | Create | Villager (Male) |
| 15:49 | Build | Farm |
| 15:50 | Create | Villager (Male) |
| 15:59 | Build | Farm |
| 16:00 | Build | Farm |
| 16:01 | Build | Farm |
| 16:02 | Build | Farm |
| 16:07 | Create | Villager (Male) |
| 16:11 | Build | Farm |
| 16:14 | Create | Villager (Male) |
| 16:20 | Build | Lumber Camp |
| 16:29 | Build | Stone Wall |
| 16:34 | Research | Wheelbarrow |
| 16:38 | Build | House |
| 16:39 | Build | House |
| 16:46 | Create | Villager (Male) |
| 16:47 | Create | Villager (Male) |
| 16:51 | Build | Stone Wall |
| 16:52 | Create | Villager (Male) |
| 16:53 | Create | Villager (Male) |
| 16:55 | Build | House |
| 16:56 | Build | House |
| 16:59 | Build | Mining Camp |
| 16:59 | Create | Villager (Male) |
| 17:01 | Build | Stone Wall |
| 17:08 | Create | Villager (Male) |
| 17:15 | Build | Building 490 |
| 17:17 | Create | Villager (Male) |
| 17:21 | Build | Farm |
| 17:23 | Build | Farm |
| 17:25 | Create | Villager (Male) |
| 17:29 | Create | Villager (Male) |
| 17:35 | Create | Villager (Male) |
| 17:43 | Build | Farm |
| 17:44 | Build | Farm |
| 17:45 | Create | Villager (Male) |
| 17:46 | Research | Gold Mining |
| 17:56 | Create | Villager (Male) |
| 17:56 | Create | Villager (Male) |
| 18:01 | Build | House |
| 18:02 | Build | House |
| 18:03 | Build | House |
| 18:03 | Build | House |
| 18:04 | Build | House |
| 18:16 | Create | Villager (Male) |
| 18:17 | Create | Villager (Male) |
| 18:17 | Create | Villager (Male) |
| 18:18 | Create | Villager (Male) |
| 18:19 | Research | Loom |
| 18:22 | Create | Villager (Male) |
| 18:28 | Create | Villager (Male) |
| 18:32 | Build | Farm |
| 18:33 | Create | Villager (Male) |
| 18:42 | Build | Outpost |
| 18:44 | Build | Outpost |
| 18:47 | Build | Outpost |
| 18:48 | Create | Villager (Male) |
| 18:49 | Create | Villager (Male) |
| 18:54 | Create | Rattan Archer |
| 18:55 | Create | Rattan Archer |
| 18:56 | Create | Villager (Male) |
| 18:59 | Build | Farm |
| 19:00 | Build | Farm |
| 19:01 | Create | Villager (Male) |
| 19:04 | Create | Villager (Male) |
Build order — Pipistola
First 150 of 315 actions detected
| 0:01 | Create | Villager (Male) |
| 0:01 | Create | Villager (Male) |
| 0:02 | Create | Villager (Male) |
| 0:14 | Build | Lumber Camp |
| 0:17 | Create | Villager (Male) |
| 0:17 | Create | Villager (Male) |
| 0:38 | Build | Mill |
| 1:19 | Create | Villager (Male) |
| 1:20 | Create | Villager (Male) |
| 1:51 | Create | Villager (Male) |
| 2:24 | Create | Villager (Male) |
| 2:25 | Create | Villager (Male) |
| 2:25 | Create | Villager (Male) |
| 2:25 | Create | Villager (Male) |
| 3:06 | Create | Villager (Male) |
| 3:14 | Create | Villager (Male) |
| 3:38 | Create | Villager (Male) |
| 4:10 | Create | Villager (Male) |
| 4:43 | Build | Mining Camp |
| 5:05 | Research | Feudal Age |
| 5:05 | Research | Feudal Age |
| 5:08 | Build | Farm |
| 5:10 | Build | Farm |
| 5:12 | Build | Farm |
| 6:17 | Create | Villager (Male) |
| 6:17 | Create | Villager (Male) |
| 7:15 | Age | Feudal Age |
| 7:18 | Build | Market |
| 7:21 | Build | Blacksmith |
| 7:22 | Build | House |
| 7:57 | Build | Lumber Camp |
| 8:03 | Create | Villager (Male) |
| 8:35 | Research | Castle Age |
| 9:18 | Research | Double-Bit Axe |
| 9:41 | Research | Horse Collar |
| 10:26 | Create | Villager (Male) |
| 11:15 | Age | Castle Age |
| 11:17 | Build | Town Center |
| 11:20 | Build | Town Center |
| 11:25 | Create | Villager (Male) |
| 11:28 | Research | Bow Saw |
| 11:58 | Create | Villager (Male) |
| 11:59 | Build | Farm |
| 12:09 | Build | Farm |
| 12:21 | Create | Villager (Male) |
| 12:40 | Create | Villager (Male) |
| 12:41 | Create | Villager (Male) |
| 12:43 | Build | Farm |
| 12:44 | Build | Farm |
| 12:45 | Build | Farm |
| 12:47 | Build | Farm |
| 12:52 | Build | Farm |
| 12:54 | Create | Villager (Male) |
| 13:09 | Create | Villager (Male) |
| 13:14 | Create | Villager (Male) |
| 13:14 | Create | Villager (Male) |
| 13:35 | Create | Villager (Male) |
| 13:35 | Create | Villager (Male) |
| 13:44 | Create | Villager (Male) |
| 13:55 | Create | Villager (Male) |
| 13:59 | Create | Villager (Male) |
| 14:02 | Build | Farm |
| 14:05 | Build | Farm |
| 14:06 | Create | Villager (Male) |
| 14:06 | Create | Villager (Male) |
| 14:12 | Create | Villager (Male) |
| 14:21 | Build | Farm |
| 14:22 | Create | Villager (Male) |
| 14:22 | Create | Villager (Male) |
| 14:28 | Build | Farm |
| 14:32 | Create | Villager (Male) |
| 14:33 | Create | Villager (Male) |
| 14:45 | Create | Villager (Male) |
| 14:48 | Build | Farm |
| 14:52 | Build | Farm |
| 14:54 | Create | Villager (Male) |
| 14:54 | Create | Villager (Male) |
| 15:00 | Build | House |
| 15:01 | Build | House |
| 15:01 | Create | Villager (Male) |
| 15:02 | Create | Villager (Male) |
| 15:08 | Create | Villager (Male) |
| 15:08 | Create | Villager (Male) |
| 15:19 | Build | Farm |
| 15:21 | Build | Farm |
| 15:25 | Research | Wheelbarrow |
| 15:29 | Create | Villager (Male) |
| 15:38 | Build | Farm |
| 15:42 | Build | Farm |
| 15:42 | Create | Villager (Male) |
| 15:43 | Create | Villager (Male) |
| 15:51 | Build | Farm |
| 15:54 | Create | Villager (Male) |
| 15:58 | Build | Farm |
| 16:06 | Build | House |
| 16:08 | Create | Villager (Male) |
| 16:13 | Build | Farm |
| 16:17 | Build | Farm |
| 16:22 | Create | Villager (Male) |
| 16:22 | Create | Villager (Male) |
| 16:26 | Build | Farm |
| 16:33 | Create | Villager (Male) |
| 16:36 | Build | House |
| 16:37 | Build | House |
| 16:43 | Create | Villager (Male) |
| 16:53 | Create | Villager (Male) |
| 17:01 | Build | Farm |
| 17:02 | Build | Farm |
| 17:05 | Build | Farm |
| 17:09 | Build | Farm |
| 17:10 | Create | Villager (Male) |
| 17:10 | Create | Villager (Male) |
| 17:11 | Create | Villager (Male) |
| 17:15 | Build | House |
| 17:16 | Build | House |
| 17:31 | Build | Mining Camp |
| 17:33 | Create | Villager (Male) |
| 17:33 | Create | Villager (Male) |
| 17:47 | Create | Villager (Male) |
| 17:50 | Build | House |
| 17:50 | Build | House |
| 17:56 | Create | Villager (Male) |
| 17:57 | Create | Villager (Male) |
| 17:59 | Create | Villager (Male) |
| 18:10 | Build | University |
| 18:16 | Build | House |
| 18:17 | Build | House |
| 18:32 | Create | Villager (Male) |
| 18:34 | Create | Villager (Male) |
| 18:38 | Build | Stone Wall |
| 18:59 | Build | Archery Range |
| 19:00 | Build | Archery Range |
| 19:10 | Build | House |
| 19:12 | Build | House |
| 19:17 | Research | Imperial Age |
| 19:20 | Create | Villager (Male) |
| 19:20 | Create | Villager (Male) |
| 19:26 | Build | Farm |
| 19:29 | Build | Farm |
| 19:34 | Create | Villager (Male) |
| 19:47 | Create | Villager (Male) |
| 20:06 | Build | Archery Range |
| 20:10 | Research | Chemistry |
| 20:10 | Research | Chemistry |
| 20:12 | Create | Villager (Male) |
| 20:12 | Create | Villager (Male) |
| 20:16 | Build | Siege Workshop |
| 20:20 | Create | Villager (Male) |
| 20:20 | Create | Villager (Male) |
| 20:26 | Research | Loom |
Build order — Pelopincho
First 150 of 346 actions detected
| 0:01 | Create | Villager (Male) |
| 0:02 | Create | Villager (Male) |
| 0:02 | Create | Villager (Male) |
| 0:02 | Create | Villager (Male) |
| 0:15 | Build | Mill |
| 1:35 | Create | Villager (Male) |
| 1:36 | Create | Villager (Male) |
| 2:08 | Create | Villager (Male) |
| 2:08 | Create | Villager (Male) |
| 2:08 | Create | Villager (Male) |
| 2:18 | Create | Villager (Male) |
| 2:18 | Create | Villager (Male) |
| 2:24 | Build | Mule Cart |
| 3:03 | Create | Villager (Male) |
| 3:03 | Create | Villager (Male) |
| 3:04 | Create | Villager (Male) |
| 3:04 | Create | Villager (Male) |
| 3:04 | Create | Villager (Male) |
| 3:23 | Create | Villager (Male) |
| 3:23 | Create | Villager (Male) |
| 3:45 | Create | Villager (Male) |
| 3:45 | Create | Villager (Male) |
| 4:54 | Build | Farm |
| 4:56 | Build | Farm |
| 4:56 | Build | Farm |
| 4:57 | Build | Farm |
| 4:57 | Build | Farm |
| 4:57 | Build | Farm |
| 4:58 | Build | Farm |
| 4:58 | Build | Farm |
| 5:03 | Create | Villager (Male) |
| 5:35 | Research | Feudal Age |
| 6:07 | Build | Farm |
| 7:31 | Create | Villager (Male) |
| 7:45 | Age | Feudal Age |
| 7:50 | Build | Market |
| 7:54 | Build | Blacksmith |
| 8:08 | Create | Villager (Male) |
| 8:59 | Research | Castle Age |
| 8:59 | Research | Castle Age |
| 9:34 | Research | Double-Bit Axe |
| 10:07 | Research | Horse Collar |
| 10:58 | Research | Wheelbarrow |
| 11:39 | Age | Castle Age |
| 11:43 | Build | Town Center |
| 11:58 | Research | Bow Saw |
| 12:09 | Build | Town Center |
| 12:51 | Create | Villager (Male) |
| 12:52 | Create | Villager (Male) |
| 13:02 | Build | Palisade Wall |
| 13:04 | Build | Palisade Wall |
| 13:09 | Build | Palisade Wall |
| 13:15 | Create | Villager (Male) |
| 13:25 | Create | Villager (Male) |
| 13:26 | Create | Villager (Male) |
| 13:36 | Build | Farm |
| 13:38 | Create | Villager (Male) |
| 13:47 | Build | Farm |
| 14:02 | Create | Villager (Male) |
| 14:29 | Create | Villager (Male) |
| 14:29 | Create | Villager (Male) |
| 14:30 | Create | Villager (Male) |
| 14:33 | Create | Villager (Male) |
| 14:33 | Create | Villager (Male) |
| 14:38 | Create | Villager (Male) |
| 14:42 | Build | Farm |
| 14:46 | Build | Farm |
| 14:47 | Create | Villager (Male) |
| 14:57 | Create | Villager (Male) |
| 14:58 | Build | Farm |
| 15:00 | Create | Villager (Male) |
| 15:08 | Create | Villager (Male) |
| 15:12 | Create | Villager (Male) |
| 15:23 | Research | Loom |
| 15:34 | Create | Villager (Male) |
| 15:37 | Build | Farm |
| 15:47 | Build | Farm |
| 15:48 | Create | Villager (Male) |
| 15:53 | Build | Farm |
| 16:05 | Build | House |
| 16:06 | Build | House |
| 16:08 | Build | House |
| 16:10 | Build | House |
| 16:11 | Build | House |
| 16:13 | Create | Villager (Male) |
| 16:26 | Create | Villager (Male) |
| 16:27 | Create | Villager (Male) |
| 16:29 | Create | Villager (Male) |
| 16:38 | Research | Heavy Plow |
| 16:38 | Research | Heavy Plow |
| 16:51 | Create | Villager (Male) |
| 17:01 | Create | Villager (Male) |
| 17:02 | Create | Villager (Male) |
| 17:09 | Build | Monastery |
| 17:14 | Create | Villager (Male) |
| 17:20 | Create | Villager (Male) |
| 17:20 | Create | Villager (Male) |
| 17:26 | Create | Villager (Male) |
| 17:34 | Create | Villager (Male) |
| 17:43 | Build | Town Center |
| 17:46 | Create | Villager (Male) |
| 17:53 | Create | Villager (Male) |
| 17:57 | Create | Villager (Male) |
| 17:59 | Create | Monk |
| 18:04 | Create | Villager (Male) |
| 18:11 | Build | Monastery |
| 18:19 | Create | Villager (Male) |
| 18:22 | Build | Farm |
| 18:25 | Create | Villager (Male) |
| 18:28 | Build | Farm |
| 18:34 | Build | Farm |
| 18:35 | Build | Farm |
| 18:37 | Create | Monaspa |
| 18:42 | Create | Monaspa |
| 18:51 | Build | Stone Wall |
| 18:55 | Build | House |
| 18:55 | Create | Villager (Male) |
| 18:56 | Create | Villager (Male) |
| 18:56 | Create | Villager (Male) |
| 19:03 | Build | Stone Wall |
| 19:04 | Create | Villager (Male) |
| 19:07 | Create | Monk |
| 19:21 | Create | Villager (Male) |
| 19:25 | Build | Farm |
| 19:28 | Build | Farm |
| 19:30 | Build | Farm |
| 19:32 | Create | Villager (Male) |
| 19:39 | Build | Farm |
| 19:40 | Build | Farm |
| 19:41 | Build | Farm |
| 19:42 | Build | Farm |
| 19:43 | Build | Farm |
| 19:44 | Build | Farm |
| 19:46 | Create | Villager (Male) |
| 19:46 | Create | Villager (Male) |
| 19:53 | Build | Farm |
| 19:56 | Build | Farm |
| 20:03 | Create | Villager (Male) |
| 20:03 | Create | Villager (Male) |
| 20:04 | Create | Villager (Male) |
| 20:05 | Create | Villager (Male) |
| 20:05 | Create | Villager (Male) |
| 20:05 | Create | Villager (Male) |
| 20:10 | Build | Farm |
| 20:11 | Build | Farm |
| 20:11 | Build | Farm |
| 20:13 | Create | Villager (Male) |
| 20:27 | Build | Monastery |
| 20:30 | Create | Monaspa |
| 20:30 | Create | Monaspa |
Build order — 克莱因蓝
First 150 of 437 actions detected
| 0:01 | Create | Villager (Male) |
| 0:01 | Create | Villager (Male) |
| 0:01 | Create | Villager (Male) |
| 0:01 | Create | Villager (Male) |
| 0:07 | Build | Mill |
| 0:10 | Build | Lumber Camp |
| 0:51 | Create | Villager (Male) |
| 1:29 | Create | Villager (Male) |
| 1:35 | Create | Villager (Male) |
| 1:35 | Create | Villager (Male) |
| 2:26 | Create | Villager (Male) |
| 2:49 | Create | Villager (Male) |
| 2:49 | Create | Villager (Male) |
| 2:49 | Create | Villager (Male) |
| 2:50 | Create | Villager (Male) |
| 2:57 | Create | Villager (Male) |
| 3:07 | Create | Villager (Male) |
| 3:07 | Create | Villager (Male) |
| 3:22 | Create | Villager (Male) |
| 3:52 | Build | Farm |
| 3:54 | Build | Farm |
| 4:19 | Build | Farm |
| 4:51 | Research | Feudal Age |
| 6:02 | Create | Villager (Male) |
| 6:02 | Create | Villager (Male) |
| 6:20 | Build | Farm |
| 7:11 | Age | Feudal Age |
| 7:13 | Build | Market |
| 7:16 | Build | Blacksmith |
| 7:52 | Research | Loom |
| 7:52 | Research | Wheelbarrow |
| 8:01 | Research | Castle Age |
| 8:01 | Research | Castle Age |
| 8:25 | Research | Double-Bit Axe |
| 8:25 | Research | Double-Bit Axe |
| 8:40 | Research | Horse Collar |
| 8:40 | Research | Horse Collar |
| 10:22 | Create | Villager (Male) |
| 10:41 | Age | Castle Age |
| 10:49 | Build | Town Center |
| 10:54 | Build | Town Center |
| 11:04 | Create | Villager (Male) |
| 11:15 | Create | Villager (Male) |
| 11:16 | Create | Villager (Male) |
| 11:23 | Create | Villager (Male) |
| 11:37 | Create | Villager (Male) |
| 11:39 | Build | Farm |
| 11:53 | Build | Farm |
| 11:53 | Build | Farm |
| 11:54 | Create | Villager (Male) |
| 11:54 | Create | Villager (Male) |
| 11:55 | Create | Villager (Male) |
| 12:09 | Create | Villager (Male) |
| 12:09 | Create | Villager (Male) |
| 12:12 | Create | Villager (Male) |
| 12:16 | Build | Farm |
| 12:16 | Build | Farm |
| 12:20 | Create | Villager (Male) |
| 12:22 | Create | Villager (Male) |
| 12:22 | Create | Villager (Male) |
| 12:23 | Create | Villager (Male) |
| 12:25 | Create | Villager (Male) |
| 12:29 | Create | Villager (Male) |
| 12:29 | Create | Villager (Male) |
| 12:38 | Build | Farm |
| 12:45 | Create | Villager (Male) |
| 13:06 | Research | Bow Saw |
| 13:07 | Create | Villager (Male) |
| 13:35 | Create | Villager (Male) |
| 13:46 | Create | Villager (Male) |
| 13:57 | Build | Town Center |
| 14:05 | Create | Villager (Male) |
| 14:24 | Create | Villager (Male) |
| 14:29 | Build | Farm |
| 14:30 | Build | Farm |
| 14:31 | Build | Farm |
| 14:34 | Build | Farm |
| 14:38 | Build | Farm |
| 14:38 | Build | Farm |
| 14:46 | Create | Villager (Male) |
| 14:49 | Build | Farm |
| 14:51 | Build | Farm |
| 14:54 | Build | Farm |
| 15:01 | Create | Villager (Male) |
| 15:01 | Create | Villager (Male) |
| 15:04 | Build | Farm |
| 15:14 | Create | Villager (Male) |
| 15:22 | Create | Villager (Male) |
| 15:23 | Create | Villager (Male) |
| 15:26 | Build | Farm |
| 15:26 | Build | Farm |
| 15:30 | Build | Farm |
| 15:35 | Build | Farm |
| 15:38 | Build | Farm |
| 15:45 | Create | Villager (Male) |
| 15:48 | Create | Villager (Male) |
| 15:48 | Create | Villager (Male) |
| 15:49 | Build | Farm |
| 15:51 | Build | Farm |
| 15:55 | Create | Villager (Male) |
| 15:55 | Create | Villager (Male) |
| 15:56 | Build | Farm |
| 16:01 | Build | Farm |
| 16:07 | Build | Farm |
| 16:07 | Create | Villager (Male) |
| 16:08 | Create | Villager (Male) |
| 16:09 | Create | Villager (Male) |
| 16:09 | Create | Villager (Male) |
| 16:14 | Create | Villager (Male) |
| 16:19 | Build | House |
| 16:20 | Build | House |
| 16:27 | Build | Farm |
| 16:32 | Create | Villager (Male) |
| 16:32 | Create | Villager (Male) |
| 16:34 | Create | Villager (Male) |
| 16:37 | Build | Farm |
| 16:37 | Create | Villager (Male) |
| 16:38 | Create | Villager (Male) |
| 16:43 | Create | Villager (Male) |
| 16:45 | Build | Farm |
| 16:50 | Build | House |
| 16:57 | Create | Villager (Male) |
| 17:00 | Create | Villager (Male) |
| 17:03 | Create | Villager (Male) |
| 17:12 | Create | Villager (Male) |
| 17:12 | Create | Villager (Male) |
| 17:17 | Create | Villager (Male) |
| 17:17 | Create | Villager (Male) |
| 17:23 | Build | Town Center |
| 17:26 | Build | House |
| 17:27 | Build | House |
| 17:30 | Create | Villager (Male) |
| 17:30 | Create | Villager (Male) |
| 17:31 | Create | Villager (Male) |
| 17:34 | Create | Villager (Male) |
| 17:36 | Build | Farm |
| 17:39 | Create | Villager (Male) |
| 17:43 | Build | Lumber Camp |
| 17:45 | Create | Villager (Male) |
| 17:46 | Build | House |
| 17:52 | Create | Villager (Male) |
| 17:57 | Build | Farm |
| 17:58 | Create | Villager (Male) |
| 18:01 | Build | House |
| 18:02 | Build | House |
| 18:06 | Create | Villager (Male) |
| 18:07 | Build | Farm |
| 18:08 | Create | Villager (Male) |
| 18:08 | Create | Villager (Male) |
| 18:13 | Build | Farm |
Build order — HousedAt15
First 150 of 369 actions detected
| 0:02 | Create | Villager (Male) |
| 0:02 | Create | Villager (Male) |
| 0:02 | Create | Villager (Male) |
| 0:02 | Create | Villager (Male) |
| 0:03 | Create | Villager (Male) |
| 0:03 | Create | Villager (Male) |
| 0:19 | Build | Settlement |
| 1:13 | Create | Villager (Male) |
| 1:43 | Research | Loom |
| 2:02 | Create | Villager (Male) |
| 2:02 | Create | Villager (Male) |
| 2:04 | Build | Settlement |
| 2:14 | Create | Villager (Male) |
| 2:14 | Create | Villager (Male) |
| 2:25 | Create | Villager (Male) |
| 2:49 | Create | Villager (Male) |
| 2:49 | Create | Villager (Male) |
| 2:50 | Create | Villager (Male) |
| 3:19 | Create | Villager (Male) |
| 3:22 | Create | Villager (Male) |
| 3:46 | Create | Villager (Male) |
| 4:14 | Build | Settlement |
| 4:16 | Create | Villager (Male) |
| 4:41 | Build | Farm |
| 4:43 | Build | Farm |
| 5:06 | Create | Villager (Male) |
| 5:20 | Build | Farm |
| 5:41 | Research | Feudal Age |
| 5:41 | Research | Feudal Age |
| 5:52 | Research | Feudal Age |
| 5:52 | Research | Feudal Age |
| 6:13 | Build | Settlement |
| 6:54 | Create | Villager (Male) |
| 6:54 | Create | Villager (Male) |
| 8:06 | Build | Market |
| 8:13 | Build | Blacksmith |
| 9:03 | Research | Castle Age |
| 9:04 | Research | Castle Age |
| 10:32 | Research | Horse Collar |
| 10:32 | Research | Horse Collar |
| 10:33 | Research | Double-Bit Axe |
| 10:33 | Research | Double-Bit Axe |
| 10:46 | Research | Double-Bit Axe |
| 11:15 | Create | Villager (Male) |
| 11:47 | Build | Town Center |
| 11:49 | Create | Villager (Male) |
| 11:59 | Build | Town Center |
| 12:04 | Research | Bow Saw |
| 12:04 | Research | Bow Saw |
| 12:05 | Create | Villager (Male) |
| 12:39 | Create | Villager (Male) |
| 12:49 | Create | Villager (Male) |
| 13:07 | Create | Villager (Male) |
| 13:07 | Create | Villager (Male) |
| 13:15 | Build | Farm |
| 13:17 | Create | Villager (Male) |
| 13:18 | Build | Farm |
| 13:19 | Build | Farm |
| 13:20 | Build | Farm |
| 13:24 | Create | Villager (Male) |
| 13:26 | Create | Villager (Male) |
| 13:34 | Build | Farm |
| 13:42 | Build | Farm |
| 13:44 | Create | Villager (Male) |
| 13:52 | Build | Farm |
| 14:05 | Build | House |
| 14:05 | Create | Villager (Male) |
| 14:05 | Create | Villager (Male) |
| 14:06 | Create | Villager (Male) |
| 14:11 | Create | Villager (Male) |
| 14:11 | Create | Villager (Male) |
| 14:14 | Build | Farm |
| 14:14 | Build | Farm |
| 14:14 | Build | Farm |
| 14:28 | Build | Farm |
| 14:28 | Build | Farm |
| 14:29 | Build | Farm |
| 14:30 | Create | Villager (Male) |
| 14:30 | Create | Villager (Male) |
| 14:31 | Create | Villager (Male) |
| 14:38 | Create | Villager (Male) |
| 14:49 | Build | Farm |
| 14:49 | Build | Farm |
| 14:50 | Build | Farm |
| 14:56 | Build | Farm |
| 14:56 | Build | Farm |
| 14:57 | Create | Villager (Male) |
| 14:57 | Create | Villager (Male) |
| 15:01 | Build | House |
| 15:06 | Create | Villager (Male) |
| 15:06 | Create | Villager (Male) |
| 15:09 | Build | Farm |
| 15:10 | Build | Farm |
| 15:18 | Create | Villager (Male) |
| 15:18 | Create | Villager (Male) |
| 15:19 | Create | Villager (Male) |
| 15:30 | Create | Villager (Male) |
| 15:30 | Create | Villager (Male) |
| 15:36 | Create | Villager (Male) |
| 15:39 | Build | Farm |
| 15:39 | Build | Farm |
| 15:39 | Build | Farm |
| 15:43 | Build | House |
| 15:47 | Build | Farm |
| 15:47 | Build | Farm |
| 15:47 | Build | Farm |
| 15:48 | Create | Villager (Male) |
| 15:49 | Create | Villager (Male) |
| 15:49 | Create | Villager (Male) |
| 15:55 | Create | Villager (Male) |
| 16:03 | Build | Stone Wall |
| 16:05 | Create | Villager (Male) |
| 16:13 | Create | Villager (Male) |
| 16:13 | Create | Villager (Male) |
| 16:21 | Build | Farm |
| 16:22 | Create | Villager (Male) |
| 16:22 | Create | Villager (Male) |
| 16:23 | Create | Villager (Male) |
| 16:35 | Create | Villager (Male) |
| 16:35 | Create | Villager (Male) |
| 16:36 | Create | Villager (Male) |
| 16:40 | Create | Villager (Male) |
| 16:40 | Create | Villager (Male) |
| 16:41 | Create | Villager (Male) |
| 16:49 | Create | Villager (Male) |
| 16:49 | Create | Villager (Male) |
| 16:50 | Create | Villager (Male) |
| 16:54 | Build | Town Center |
| 17:08 | Research | Wheelbarrow |
| 17:08 | Research | Wheelbarrow |
| 17:08 | Research | Wheelbarrow |
| 17:17 | Create | Villager (Male) |
| 17:17 | Create | Villager (Male) |
| 17:18 | Create | Villager (Male) |
| 17:21 | Build | Farm |
| 17:31 | Create | Villager (Male) |
| 17:33 | Create | Villager (Male) |
| 17:34 | Create | Villager (Male) |
| 17:36 | Create | Villager (Male) |
| 17:36 | Create | Villager (Male) |
| 17:36 | Create | Villager (Male) |
| 17:40 | Create | Villager (Male) |
| 17:41 | Create | Villager (Male) |
| 17:54 | Build | Farm |
| 17:54 | Build | Farm |
| 17:54 | Build | Farm |
| 17:54 | Build | Farm |
| 18:00 | Create | Villager (Male) |
| 18:09 | Create | Villager (Male) |
| 18:22 | Build | Farm |
Match timeline
| 7:11 | 克莱因蓝 · age_up feudal |
| 7:12 | Zionic · age_up feudal |
| 7:13 | Zionic · first_building Stable |
| 7:15 | Pipistola · age_up feudal |
| 7:36 | 超绝可爱天使酱 · age_up feudal |
| 7:45 | Pelopincho · age_up feudal |
| 8:00 | 克莱因蓝 · first_market_sell 100 wood |
| 8:01 | 口古口古嘎嘎 · age_up feudal |
| 8:01 | ‘MztK | FeNiX' = waste · age_up feudal |
| 8:26 | 超绝可爱天使酱 · first_market_sell 100 wood |
| 8:27 | 超绝可爱天使酱 · first_market_buy 100 food |
| 8:55 | ‘MztK | FeNiX' = waste · first_market_sell 100 wood |
| 9:01 | ‘MztK | FeNiX' = waste · first_market_buy 100 food |
| 10:41 | 克莱因蓝 · age_up castle |
| 10:42 | Zionic · age_up castle |
| 11:15 | Pipistola · age_up castle |
| 11:20 | 超绝可爱天使酱 · age_up castle |
| 11:32 | 口古口古嘎嘎 · age_up castle |
| 11:39 | Pelopincho · age_up castle |
| 11:44 | ‘MztK | FeNiX' = waste · age_up castle |
| 13:02 | Pelopincho · wall_segment Palisade Wall x1 |
| 13:04 | Pelopincho · wall_segment Palisade Wall x1 |
| 13:09 | Pelopincho · wall_segment Palisade Wall x1 |
| 13:43 | Pipistola · first_market_buy 100 food |
| 14:10 | HousedAt15 · first_market_buy 100 stone |
| 14:15 | 口古口古嘎嘎 · first_market_buy 100 food |
| 16:03 | HousedAt15 · wall_segment Stone Wall x15 |
| 16:17 | Zionic · first_building Monastery |
| 16:29 | 超绝可爱天使酱 · wall_segment Stone Wall x1 |
| 16:51 | 超绝可爱天使酱 · wall_segment Stone Wall x1 |
| 17:01 | 超绝可爱天使酱 · wall_segment Stone Wall x3 |
| 17:07 | 口古口古嘎嘎 · first_building Stable |
| 17:09 | Pelopincho · first_building Monastery |
| 18:38 | Pipistola · wall_segment Stone Wall x1 |
| 18:51 | Pelopincho · wall_segment Stone Wall x17 |
| 18:59 | Pipistola · first_building Archery Range |
| 19:03 | Pelopincho · wall_segment Stone Wall x11 |
| 19:21 | HousedAt15 · wall_segment Stone Wall x5 |
| 19:49 | Zionic · wall_segment Stone Wall x13 |
| 19:51 | 超绝可爱天使酱 · first_building Archery Range |
| 19:56 | 克莱因蓝 · wall_segment Stone Wall x12 |
| 20:02 | Zionic · wall_segment Stone Wall x1 |
| 20:16 | Pipistola · first_building Siege Workshop |
| 20:55 | 克莱因蓝 · wall_segment Stone Wall x9 |
| 21:03 | Zionic · wall_segment Stone Wall x15 |
| 21:39 | 超绝可爱天使酱 · first_building Castle |
| 21:43 | Pelopincho · wall_segment Stone Wall x6 |
| 22:17 | Zionic · first_building Castle |
| 22:18 | ‘MztK | FeNiX' = waste · first_building Barracks |
| 22:22 | Pipistola · first_building Castle |
| 22:27 | Pipistola · age_up imperial |
| 22:34 | Pipistola · first_market_sell 100 food |
| 22:59 | 克莱因蓝 · first_building Barracks |
| 23:00 | Zionic · first_building Archery Range |
| 23:22 | 口古口古嘎嘎 · first_market_sell 500 wood |
| 23:26 | HousedAt15 · wall_segment Stone Wall x2 |
| 23:29 | HousedAt15 · wall_segment Stone Wall x8 |
| 23:40 | HousedAt15 · first_building Barracks |
| 23:52 | 超绝可爱天使酱 · first_building Siege Workshop |
| 24:09 | 克莱因蓝 · first_building Siege Workshop |
| 24:15 | Pelopincho · first_market_sell 100 food |
| 24:23 | Pipistola · wall_segment Stone Wall x6 |
| 24:31 | Zionic · age_up imperial |
| 24:34 | Pelopincho · first_building Castle |
| 25:07 | 超绝可爱天使酱 · age_up imperial |
| 25:09 | Pelopincho · first_building Stable |
| 25:10 | 克莱因蓝 · age_up imperial |
| 25:11 | ‘MztK | FeNiX' = waste · age_up imperial |
| 26:43 | 口古口古嘎嘎 · age_up imperial |
| 26:44 | Zionic · wall_segment Palisade Wall x1 |
| 26:58 | Zionic · first_market_sell 100 food |
| 27:11 | ‘MztK | FeNiX' = waste · first_building Archery Range |
| 27:15 | HousedAt15 · first_market_sell 100 stone |
| 27:32 | Pelopincho · age_up imperial |
| 27:43 | HousedAt15 · first_building Castle |
| 27:46 | ‘MztK | FeNiX' = waste · first_building Castle |
| 28:33 | Pipistola · wall_segment Stone Wall x16 |
| 28:37 | Pipistola · wall_segment Stone Wall x24 |
| 29:00 | 克莱因蓝 · first_building Castle |
| 29:24 | HousedAt15 · first_building Archery Range |
| 29:48 | 口古口古嘎嘎 · first_building Siege Workshop |
| 30:07 | 超绝可爱天使酱 · first_building Stable |
| 30:42 | 口古口古嘎嘎 · first_building Castle |
| 30:52 | HousedAt15 · resign |
[ AI ANALYSIS · 1 CREDIT ]
What really happened in this match?
Wolo.gg analyzes every decision: build order, eco, micro, common mistakes by bracket. Personalized analysis on WhatsApp or Discord in 30 seconds.
Civ guide
Wu
Perfil
Jugador #3385949